 Dungeon Crawl Stone Soup version 0.30-a0-122-g2a1322497e (webtiles) character file.

Game seed: 4544704005492894479

32 porpoise the Shooter (level 3, -16/21 HPs)
             Began as a Kobold Hexslinger on Sept 17, 2022.
             Demolished by an orc
             ... wielding a +2 dagger of electrocution
              (18 damage)
             ... on level 2 of the Dungeon.
             The game lasted 00:04:31 (1761 turns).

porpoise the Shooter (Kobold Hexslinger)            Turns: 1761, Time: 00:04:32

Health: -16/21     AC:  2    Str:  7    XL:     3   Next: 42%
Magic:  4/4        EV: 15    Int: 16    God:
Gold:   35         SH:  0    Dex: 15    Spells: 0/4 levels left

rFire   . . .      SeeInvis .    a - +1 sling
rCold   . . .      Faith    .    (no shield)
rNeg    . . .      Spirit   .    c - +0 robe
rPois   .          Reflect  .    (no helmet)
rElec   .          Harm     .    (no cloak)
rCorr   .          Rampage  .    (no gloves)
Will    .....                    (no boots)
Stlth   +++.......               (no amulet)
HPRegen 0.07/turn                (no ring)
MPRegen 0.09/turn                (no ring)

@: no status effects
A: small, no large weapons, nightstalker 3
a: no special abilities


You were on level 2 of the Dungeon.
You visited 1 branch of the dungeon, and saw 2 of its levels.

You collected 35 gold pieces.

Inventory:

Hand Weapons
 a - a +1 sling (weapon)
 b - a +0 dagger
Armour
 c - a +0 robe (worn)
Scrolls
 d - a scroll of poison
 e - a scroll of enchant weapon {unknown}
 g - a scroll of summoning {unknown}
Potions
 f - a potion of mutation {unknown}
 h - 2 potions of curing {unknown}
 i - a potion of heal wounds {unknown}


   Skills:
 + Level 2.0 Fighting
 + Level 3.5 Ranged Weapons
 - Level 2.5 Dodging
 + Level 1.9 Stealth
 - Level 1.2 Spellcasting
 - Level 3.0 Hexes


You couldn't memorise any spells.
You knew the following spells:

 Your Spells              Type           Power      Damage    Failure   Level
a - Slow                  Hex            40%        N/A       6%          1
b - Frozen Ramparts       Ice            0%         1d1       56%         3

Your spell library contained the following spells:

 Spells                   Type           Power      Damage    Failure   Level
 Freeze                   Ice            0%         1d3       22%         1
 Inner Flame              Hex/Fire       5%         N/A       36%         3
 Portal Projectile        Hex/Tloc       10%        N/A       36%         3
 Cause Fear               Hex            5%         N/A       54%         4
 Hailstorm                Conj/Ice       0%         3d3       92%         4


Dungeon Overview and Level Annotations

Branches:
Dungeon (2/15)

Altars:

Shops:
D:1 [


Innate Abilities, Weirdness & Mutations

You are small and have problems with some larger weapons.
You are completely attuned to the shadows.


Message History

You shoot a sling bullet. The sling bullet hits the orc.
The orc is almost dead.
The orc hits you with a +0 whip.
* * * LOW HITPOINT WARNING * * *
Fire: a) +1 sling
Press: ? - help, Q - select action, (/) - cycle Shift-Dir - straight line, f/p - orc
Aim: an orc, wielding a +0 whip (almost dead, 59% to hit)
You shoot a sling bullet. The sling bullet hits the orc!
You kill the orc!
The orc misses you.
Fire: a) +1 sling
Press: ? - help, Q - select action, (/) - cycle Shift-Dir - straight line, f - orc
Aim: an orc, wielding a +0 short sword and wearing a +0 leather armour (59% to hit)
You shoot a sling bullet. The sling bullet barely misses the orc.
You hear a shout!
The orc hits you with a +0 short sword.
* * * LOW HITPOINT WARNING * * *
Fire: a) +1 sling
Press: ? - help, Q - select action, (/) - cycle Shift-Dir - straight line, f/p - orc
Aim: an orc, wielding a +0 short sword and wearing a +0 leather armour (59% to hit)
You shoot a sling bullet. The sling bullet hits the orc.
The orc is severely wounded.
The orc barely misses you.
Fire: a) +1 sling
Press: ? - help, Q - select action, (/) - cycle Shift-Dir - straight line, f/p - orc
Aim: an orc, wielding a +0 short sword and wearing a +0 leather armour (severely wounded, 59% to hit)
You shoot a sling bullet.
The sling bullet closely misses the orc.
The orc barely misses you.
Fire: a) +1 sling
Press: ? - help, Q - select action, (/) - cycle Shift-Dir - straight line, f/p - orc
Aim: an orc, wielding a +0 short sword and wearing a +0 leather armour (severely wounded, 59% to hit)
You shoot a sling bullet. The sling bullet hits the orc.
You kill the orc!
An orc comes into view.
It is wielding a +2 dagger of electrocution.
The orc hits you with a +2 dagger of electrocution.
* * * LOW HITPOINT WARNING * * *
You are electrocuted!!
Ouch! That really hurt!
You die...

.##
o.#
..#
##.o#
#o###
##@.##
###.#
##..##
#.###
##..##
###.#
##..##
#.###
##..##


You could see an orc.

Vanquished Creatures
  A dart slug (D:1)
  3 orcs (D:2)
  2 ball pythons (D:1)
  A bat (D:1)
  2 endoplasms (D:1)
  A giant cockroach (D:1)
  A goblin (D:1)
  A hobgoblin (D:1)
  7 kobolds (D:1)
  A quokka (D:1)
  2 frilled lizards (D:1)
  4 rats (D:1)
26 creatures vanquished.

Notes
Turn   | Place    | Note
-------+----------+-------------------------------------------
     0 | D:1      | porpoise the Kobold Hexslinger began the quest for the Orb.
     0 | D:1      | Reached XP level 1. HP: 12/12 MP: 2/2
   440 | D:1      | Reached XP level 2. HP: 15/16 MP: 3/3
   569 | D:1      | Reached skill level 1 in Stealth
  1344 | D:1      | Found Haappo's Armour Shoppe.
  1356 | D:1      | Reached XP level 3. HP: 21/21 MP: 4/4
  1377 | D:1      | Learned a level 3 spell: Frozen Ramparts
  1761 | D:2      | Demolished by an orc

Illustrated notes

Levels and vault maps discovered:
D:1:      evilmike_arrival_rings, layout_basic, serial_shops, shop
D:2:      layout_basic, ebering_ecumenical_altar_hall, grunt_decor_resistance,
          uniq_robin

Skill      XL: |  1  2  3 |
---------------+----------+-----
Ranged Weapons | 3 |  3.5
Stealth        | 1 |  1.9
Fighting       | 2 |  2.0
Dodging        | |  2.5
Spellcasting   | |  1.2
Hexes          | |  3.0

Action                   || total
-------------------------++-------
Melee: Dagger            ||     2
 Fire: Sling             ||    84
 Cast: Slow              ||     1
 Stab: Sleeping          ||     1
Armor: Robe              ||     8
Dodge: Dodged            ||    31

Table legend: (Time is in decaauts)
 A = Elapsed time spent in this place.
 B = Non-inter-level travel time spent in this place.
 C = Inter-level travel time spent in this place.
 D = Time resting spent in this place.
 E = Time spent auto-exploring this place.
 F = Levels seen in this place.
 G = Mean time per level.
                   A        B        C        D        E       F      G
               +--------+--------+--------+--------+--------+-----+--------+
         Total |   1778 |   1744 |     34 |    604 |    982 |   2 |  889.0 |
       Dungeon |   1778 |   1744 |     34 |    604 |    982 |   2 |  889.0 |
               +--------+--------+--------+--------+--------+-----+--------+

Top non-repeatable levels by time:
     D:1: 1692 daAuts
     D:2: 85 daAuts
